 Dungeon Crawl Stone Soup version 0.25-a0-589-g1e14c549ee (webtiles) character file.

Game seed: 11598439796998546387, levelgen mode: deterministic

4669 kae the Schismatic (level 10, -5/118 HPs)
             Began as a Demonspawn Abyssal Knight on Mar 11, 2020.
             Was an Elder of Lugonu.
             Slain by a death yak (7 damage)
             ... on level 8 of the Dungeon.
             The game lasted 00:06:50 (9157 turns).

kae the Schismatic (Demonspawn Abyssal Knight)      Turns: 9157, Time: 00:06:50

Health: -5/118     AC: 25    Str: 19    XL:     10   Next: 20%
Magic:  12/16      EV:  2    Int: 13    God:    Lugonu [****..]
Gold:   270        SH:  8    Dex: 14    Spells: 9/9 levels left

rFire    . . .     SeeInvis .   a - +2 mace
rCold    . . .     Gourm    .   g - +3 buckler
rNeg     + + +     Faith    .   (armour currently unavailable)
rPois    +         Spirit   .   (helmet currently unavailable)
rElec    .         Reflect  .   (cloak currently unavailable)
rCorr    .         Harm     .   (gloves currently unavailable)
MR       .....     NoTele   +   (boots currently unavailable)
Stlth    ++........             (no amulet)
HPRegen  0.29/turn              d - +4 ring of slaying
MPRegen  0.15/turn              i - +4 ring of strength

@: tree-form (expiring), berserk cooldown, slowed, very slow
A: nightstalker 1
a: Depart the Abyss, Bend Space, Banish, Corrupt, Renounce Religion


You were on level 8 of the Dungeon.
You worshipped Lugonu.
Lugonu was greatly pleased with you.
You were very hungry.
You were a tree.
You visited 1 branch of the dungeon, and saw 8 of its levels.
You visited the Abyss 1 time.
You also visited: Sewer.

You collected 382 gold pieces.
You spent 112 gold pieces at shops.

Inventory:

Hand Weapons
 a - a +2 mace (weapon)
Armour
 g - a +3 buckler (worn)
 k - a +2 chain mail of magic resistance (melded)
 o - a +1 hat (melded)
Jewellery
 d - a +4 ring of slaying (left branch)
 i - a +4 ring of strength (right branch)
 m - an uncursed ring of see invisible
Wands
 s - a wand of scattershot (4)
Scrolls
 b - a scroll of remove curse
 f - 5 scrolls of identify
 j - 3 scrolls of magic mapping
 n - 2 scrolls of noise
 p - a scroll of blinking
 u - 2 scrolls of fog
Potions
 e - a potion of berserk rage
 h - 2 potions of stabbing
 l - 2 potions of flight
 t - a potion of lignification
 v - 2 potions of might
 x - a potion of curing
Comestibles
 c - 11 rations


   Skills:
 + Level 7.1 Fighting
 * Level 8.5 Maces & Flails
 + Level 6.0 Armour
 - Level 0.8 Dodging
 - Level 4.0 Shields
 + Level 8.7 Invocations


You had 9 spell levels left.
You didn't know any spells.
Your spell library was empty.

Dungeon Overview and Level Annotations

Branches:
Dungeon (8/15)             Temple (0/1) D:6            Lair (0/6) D:8
  Sewer (visited)

Altars:
Elyvilon
Fedhas
Kikubaaqudgha
Okawaru
Trog
Uskayaw
Xom
Yredelemnul
The Shining One

Shops:
D:6 *


Innate Abilities, Weirdness & Mutations

((You have a pair of horns on your head.))
((You are partially covered in icy blue scales. (AC +2)))
You are slightly more attuned to the shadows.


Message History

The death yak is lightly wounded.
The death yak gores you but does no damage. x2
You hit the death yak but do no damage.
The death yak is lightly wounded.
The death yak gores you!
* * * LOW HITPOINT WARNING * * *
You hit the death yak.
The death yak is lightly wounded.
You block the death yak's attack. The death yak gores you!!
* * * LOW HITPOINT WARNING * * *
Okay, then.
Press: ? - help, Shift-Dir - straight line, f - death yak
Aim: a death yak (lightly wounded, chance to defeat MR: 23%)
The death yak is devoured by a tear in reality.
Lugonu claims a new guest.
Your Armour skill increases to level 6!
You are feeling very hungry.
Your transformation is almost over.
The death yak gores you!
You die...

#..# #.###..... ##.##
####.##...... ##.#.##
#.....#.#.#..
##.###.###.....#.#.###
##.## ##.##.........#
# #.##
##.#.....####*** ##.##
##.##.....# *.
##.###.######### #.
##.#♣## #. ##Y## #.
#.# #. #Y######### #.
#..†Y.Y...########.
#######...##.......
#.....Y...Y..##
#............##
#............##


You could see 2 death yaks.

Vanquished Creatures
  2 death yaks (D:8)
  2 hippogriffs (D:7)
  A steam dragon (D:7)
  An orc warrior (D:6)
  An ice beast (D:5)
  A black bear (D:8)
  A sky beast (D:3)
  A phantom (D:6)
  4 ogres
  3 centaurs
  4 bullfrogs
  2 scorpions
  2 howler monkeys (D:8)
  2 crimson imps (D:8)
  A bullfrog zombie (D:4)
  A hound (D:5)
  A quasit (D:2)
  3 orc priests
  2 iguanas
  2 bullfrog skeletons
  A centaur skeleton (D:7)
  4 orc wizards
  5 worker ants
  15 adders
  8 gnolls
  A shadow imp (D:7)
  A white imp (Abyss:1)
  12 oozes
  3 worms
  3 dart slugs
  19 leopard geckos
  21 orcs
  16 giant cockroaches
  5 hobgoblins
  3 jackals (D:4)
  5 quokkas
  10 ball pythons
  A ball python skeleton (D:4)
  7 bats
  21 frilled lizards
  9 goblins
  6 kobolds
  A leopard gecko zombie (D:6)
  8 rats
  A spectral orc (D:3)
223 creatures vanquished.

Vanquished Creatures (others)
  An orc warrior (D:8)
1 creature vanquished.

Grand Total: 224 creatures vanquished

Notes
Turn   | Place    | Note
-------+----------+-------------------------------------------
     0 | Abyss:1  | kae the Demonspawn Abyssal Knight began the quest for the
                  | Orb.
     0 | Abyss:1  | Reached XP level 1. HP: 18/18 MP: 2/2
    70 | Abyss:1  | Noticed a great orb of eyes
    79 | Abyss:1  | Noticed a lich
    83 | D:1      | Escaped the Abyss
   311 | D:1      | Gained mutation: You are partially covered in icy blue
                  | scales. (AC +2) [demonic ancestry]
   311 | D:1      | Reached XP level 2. HP: 24/24 MP: 4/4
   558 | D:1      | Reached * piety under Lugonu
   756 | D:1      | Reached XP level 3. HP: 27/29 MP: 5/5
   943 | D:2      | Reached skill level 1 in Shields
   949 | D:2      | Reached XP level 4. HP: 14/35 MP: 6/6
  1583 | D:2      | Reached ** piety under Lugonu
  1583 | D:2      | Gained mutation: You have a pair of small horns on your
                  | head. [demonic ancestry]
  1583 | D:2      | Reached XP level 5. HP: 22/41 MP: 7/7
  2107 | D:3      | You fall into a shaft and drop 1 floor!
  2166 | D:4      | Noticed an ogre
  2178 | D:4      | Killed an ogre
  2393 | D:4      | Reached XP level 6. HP: 23/48 MP: 8/8
  3275 | D:3      | Noticed a sky beast
  3285 | D:3      | Killed a sky beast
  3340 | D:3      | Found a blossoming altar of Fedhas.
  3342 | D:3      | Found a bloodstained altar of Trog.
  3528 | D:3      | Found a basalt altar of Yredelemnul.
  3625 | D:5      | Entered Level 5 of the Dungeon
  3638 | D:5      | Noticed an ice beast
  3647 | D:5      | Killed an ice beast
  3647 | D:5      | Gained mutation: You are slightly more attuned to the
                  | shadows. [demonic ancestry]
  3647 | D:5      | Reached XP level 7. HP: 23/55 MP: 10/10
  4086 | D:5      | Reached skill level 5 in Invocations
  4715 | D:5      | Reached skill level 5 in Maces & Flails
  4809 | D:6      | Found a glowing drain.
  4842 | D:6      | Found an iron altar of Okawaru.
  4944 | Sewer    | Entered a sewer
  5021 | Sewer    | Reached *** piety under Lugonu
  5090 | Sewer    | Gained mutation: You have a pair of horns on your head.
                  | [demonic ancestry]
  5090 | Sewer    | Reached XP level 8. HP: 61/61 MP: 12/12
  5425 | Sewer    | Reached **** piety under Lugonu
  5688 | Sewer    | Reached skill level 5 in Fighting
  6252 | D:6      | Found Seitethy's General Store.
  6259 | D:6      | Bought a potion of ambrosia for 112 gold pieces
  6374 | D:6      | Found a staircase to the Ecumenical Temple.
  7139 | D:7      | Noticed a hippogriff
  7146 | D:7      | Noticed a hippogriff
  7152 | D:7      | Killed a hippogriff
  7152 | D:7      | Reached XP level 9. HP: 32/69 MP: 12/14
  7699 | D:7      | Reached skill level 5 in Armour
  7929 | D:8      | Found a white marble altar of Elyvilon.
  7932 | D:8      | Found a shimmering altar of Xom.
  7939 | D:8      | Found a hide-covered altar of Uskayaw.
  7942 | D:8      | Found an ancient bone altar of Kikubaaqudgha.
  8376 | D:8      | Noticed a death yak
  8381 | D:8      | Noticed a death yak
  8383 | D:8      | Noticed a death yak
  8384 | D:8      | Noticed a death yak
  8393 | D:8      | Noticed a death yak
  8626 | D:8      | Found a staircase to the Lair.
  8930 | D:8      | Found a glowing golden altar of the Shining One.
  8950 | D:8      | Found a glowing golden altar of the Shining One.
  9135 | D:8      | Killed a death yak
  9143 | D:8      | Killed a death yak
  9143 | D:8      | Reached XP level 10. HP: 43/79 MP: 14/16
  9156 | D:8      | HP: 2/118 [death yak (18)]
  9157 | D:8      | Banished a death yak
  9157 | D:8      | Slain by a death yak

Levels and vault maps discovered:
D:1:      giann_wishing_wells, layout_basic
D:2:      layout_basic, first_ration, nemelex_lonely_heart_becter
D:3:      layout_rooms, minitemple, yredelemnul_forgotten_temple_becter,
          kennysheep_generic_room_12
D:4:      layout_basic, kennysheep_doodads, kennysheep_boxes
D:5:      layout_loops_corners, hangedman_abyss_or_decor_stagger
D:6:      layout_loops_ring, temple_doors_cd, gup_sewer_entry_glass,
          serial_shops, shop, serial_park_tiny_1, okawaru_gym_becter
D:7:      layout_cave_pools
D:8:      layout_loops_cross, grunt_temple_overflow_cloverleaf,
          dpeg_lair_monsters, tso_altar

Skill      XL: |  1  2  3  4  5  6  7  8  9 10 |
---------------+-------------------------------+-----
Maces & Flails | 2 3 4 5 6 8 |  8.5
Armour         | 2 3 4 5 6 |  6.0
Shields        | 1 2 3 4 |  4.0
Invocations    | 3 4 5 6 8 |  8.7
Fighting       | 4 5 7 |  7.1
Dodging        | |  0.8

Action                   |  1- 3 |  4- 6 |  7- 9 | 10-12 || total
-------------------------+-------+-------+-------+-------++-------
Melee: Mace              |    85 |   181 |   448 |     4 ||   718
       Headbutt          |       |    11 |    79 |       ||    90
Invok: Depart the Abyss  |     1 |       |       |       ||     1
       Bend Space        |       |       |     1 |       ||     1
       Banish            |       |       |     1 |     1 ||     2
  Use: Scroll            |       |     9 |    11 |       ||    20
       Potion            |       |     1 |     3 |     2 ||     6
  Eat: Chunk             |       |     9 |    11 |       ||    20
       Ration            |       |       |     2 |       ||     2
Armor: Leather armour    |    54 |     3 |       |       ||    57
       Chain mail        |       |   124 |   276 |       ||   400
       Skin              |       |       |       |     6 ||     6
Dodge: Dodged            |    78 |    65 |   131 |       ||   274
Block: Buckler           |    39 |    72 |   158 |     1 ||   270

Table legend:
 A = Non-vault XP
 B = Vault XP
 C = Vault XP percentage of total XP
 D = Non-vault monster count
 E = Vault monster count
 F = Vault count percentage of total count
                 A         B        C        D         E       F
            +---------+---------+-------+---------+---------+-------
      Total |    4044 |    2626 |  39.4 |     150 |      75 |  33.3
            +---------+---------+-------+---------+---------+-------
        D:1 |      37 |       0 |   0.0 |      26 |       0 |   0.0
        D:2 |     167 |       0 |   0.0 |      20 |       0 |   0.0
        D:3 |     176 |       2 |   1.1 |      18 |       2 |  10.0
        D:4 |     321 |       0 |   0.0 |      16 |       0 |   0.0
        D:5 |     547 |       0 |   0.0 |      10 |       0 |   0.0
        D:6 |     559 |      32 |   5.4 |      13 |       5 |  27.8
        D:7 |    1511 |       0 |   0.0 |      32 |       0 |   0.0
        D:8 |     715 |    2265 |  76.0 |      14 |       3 |  17.6
    Abyss:1 |      11 |       0 |   0.0 |       1 |       0 |   0.0
      Sewer |       0 |     327 | 100.0 |       0 |      65 | 100.0
            +---------+---------+-------+---------+---------+-------
